[Event "Malmo Open 2023"]
[Site "Malmo SWE"]
[Date "2023.12.15"]
[Round "1.1"]
[White "Olsson, Paul"]
[Black "Peng, Li Min"]
[Result "0-1"]
[WhiteElo "1867"]
[BlackElo "2562"]
[ECO "B01"]
[TimeControl "15 minutes + 5 seconds per move from move one (Round 1 - 4) / 90 minutes + 30 seconds per move from move one (Round 5 - 8)"]
[BlackTitle "GM"]
[WhiteFideId "1704508"]
[BlackFideId "14112620"]

1.e4 d5 2.exd5 Qxd5 3.Nf3 Bg4 4.Be2 Nc6 5.Nc3 Qh5 6.d3 e5 7.Ne4 O-O-O 8.h3
Bxf3 9.Bxf3 Qg6 10.Bg5 Rd7 11.h4 f5 12.Bh5 Qe6 13.Ng3 g6 14.Be2 h6 15.Bd2 
h5 16.Bc3 Nf6 17.O-O Be7 18.f4 exf4 19.Bxf6 Bxf6 20.Rxf4 Qe3+ 0-1

[Event "Malmo Open 2023"]
[Site "Malmo SWE"]
[Date "2023.12.15"]
[Round "1.2"]
[White "Hillarp Persson, Tiger"]
[Black "Johansson, William 2007"]
[Result "1-0"]
[WhiteElo "2493"]
[BlackElo "1864"]
[ECO "A08"]
[TimeControl "15 minutes + 5 seconds per move from move one (Round 1 - 4) / 90 minutes + 30 seconds per move from move one (Round 5 - 8)"]
[WhiteTitle "GM"]
[WhiteFideId "1700812"]
[BlackFideId "1744070"]

1.Nf3 d5 2.g3 Nf6 3.Bg2 c5 4.O-O Nc6 5.d3 g6 6.Nbd2 Bg7 7.e4 O-O 8.c3 Qc7 
9.Re1 Rd8 10.e5 Ng4 11.e6 Bxe6 12.Rxe6 fxe6 13.Ng5 Nge5 14.Nxe6 Qd6 15.
Nxd8 Rxd8 16.Qe2 Rf8 17.a3 a5 18.f4 Nd7 19.Nf3 h6 20.Bd2 e5 21.Re1 Re8 22.
Qf1 Kh7 23.fxe5 Ndxe5 24.Nxe5 Nxe5 25.Bf4 g5 26.Bxe5 Rxe5 27.Re2 Qe7 28.
Qf5+ Rxf5 29.Rxe7 b5 30.Rd7 b4 31.axb4 axb4 32.Bxd5 Re5 33.Be4+ Kg8 34.
cxb4 cxb4 35.Rb7 Bf8 36.Kf2 Re7 37.Rb5 Rc7 38.Bd5+ Kg7 39.Bc4 Re7 40.Rxb4 
Rf7+ 41.Bxf7 Bxb4 42.Bc4 Kf6 43.Ke3 Bc5+ 44.d4 Bb6 45.g4 Bc7 46.h3 Bf4+ 
47.Ke4 Bc1 48.b4 1-0

[Event "Malmo Open 2023"]
[Site "Malmo SWE"]
[Date "2023.12.15"]
[Round "1.3"]
[White "Gustafsson, Simon 2001"]
[Black "Sorensen, Hampus"]
[Result "0-1"]
[WhiteElo "1864"]
[BlackElo "2474"]
[ECO "B67"]
[TimeControl "15 minutes + 5 seconds per move from move one (Round 1 - 4) / 90 minutes + 30 seconds per move from move one (Round 5 - 8)"]
[BlackTitle "IM"]
[WhiteFideId "1763997"]
[BlackFideId "8703884"]

1.e4 c5 2.Nf3 d6 3.d4 cxd4 4.Nxd4 Nf6 5.Nc3 Nc6 6.Bg5 e6 7.Qd2 a6 8.O-O-O 
Bd7 9.f3 Nxd4 10.Qxd4 Be7 11.g4 h5 12.gxh5 Nxh5 13.Bxe7 Qxe7 14.Qxd6 Qxd6 
15.Rxd6 Ng3 16.Rg1 Nxf1 17.Rxf1 Rxh2 18.Rd2 Rh3 19.Ne2 Bb5 20.Rg1 Rxf3 21.
Rxg7 Ke7 22.Nc3 Bc6 23.Rd4 Rh8 24.Rg2 Rh1+ 25.Kd2 Rfh3 26.Re2 R1h2 27.a4 
Rxe2+ 28.Kxe2 Rh2+ 29.Kd1 Rh4 30.Kd2 f5 31.Ke3 e5 32.Rc4 f4+ 33.Kf3 Rh2 
34.b4 Kf6 0-1

[Event "Malmo Open 2023"]
[Site "Malmo SWE"]
[Date "2023.12.15"]
[Round "1.4"]
[White "Pantzar, Milton"]
[Black "Hansson, Ronald"]
[Result "1-0"]
[WhiteElo "2456"]
[BlackElo "1859"]
[ECO "D35"]
[TimeControl "15 minutes + 5 seconds per move from move one (Round 1 - 4) / 90 minutes + 30 seconds per move from move one (Round 5 - 8)"]
[WhiteTitle "IM"]
[WhiteFideId "1721003"]
[BlackFideId "1703129"]

1.d4 Nf6 2.Nf3 d5 3.c4 e6 4.cxd5 exd5 5.Nc3 c6 6.Bg5 Bf5 7.e3 Nbd7 8.Bd3 
Bxd3 9.Qxd3 Be7 10.O-O O-O 11.h3 Re8 12.Qc2 Nf8 13.Bxf6 Bxf6 14.b4 a5 15.
b5 Nd7 16.bxc6 bxc6 17.Na4 Nb6 18.Nxb6 Qxb6 19.Rab1 Qa6 20.Rfc1 Rec8 21.a4
g6 22.Qc5 Qa7 23.Qxa7 Rxa7 24.Rb6 Rac7 25.Ra6 c5 26.Rxf6 1-0

[Event "Malmo Open 2023"]
[Site "Malmo SWE"]
[Date "2023.12.15"]
[Round "1.5"]
[White "Ostensson, Julia"]
[Black "Hector, Jonny"]
[Result "0-1"]
[WhiteElo "1854"]
[BlackElo "2444"]
[ECO "C47"]
[TimeControl "15 minutes + 5 seconds per move from move one (Round 1 - 4) / 90 minutes + 30 seconds per move from move one (Round 5 - 8)"]
[BlackTitle "GM"]
[WhiteFideId "1747703"]
[BlackFideId "1700090"]

1.e4 e5 2.Nf3 Nc6 3.Nc3 Nf6 4.d4 exd4 5.Nxd4 Bb4 6.Nxc6 bxc6 7.Bd3 d5 8.
exd5 O-O 9.O-O cxd5 10.h3 Re8 11.Qf3 Rb8 12.Bg5 Be7 13.b3 h6 14.Bh4 Be6 
15.Nb5 c5 16.c4 a6 17.Nc3 dxc4 18.Bxc4 Bxc4 19.bxc4 Qd4 20.Bg3 Rbd8 21.Bc7
Rd7 22.Rfd1 Qxc4 23.Rxd7 Nxd7 24.Nd5 Bf8 25.Qg4 Qxd5 26.Rd1 Qxa2 27.Qxd7 
Qe6 28.Qa4 Rc8 29.Bf4 c4 30.Rc1 c3 31.Kh2 Rc4 0-1

[Event "Malmo Open 2023"]
[Site "Malmo SWE"]
[Date "2023.12.15"]
[Round "1.6"]
[White "Storme, Isak"]
[Black "Knudsen, Andre"]
[Result "1-0"]
[WhiteElo "2439"]
[BlackElo "1848"]
[ECO "E07"]
[TimeControl "15 minutes + 5 seconds per move from move one (Round 1 - 4) / 90 minutes + 30 seconds per move from move one (Round 5 - 8)"]
[WhiteTitle "IM"]
[WhiteFideId "1728113"]
[BlackFideId "1723650"]

1.d4 d5 2.c4 c6 3.Nf3 Nf6 4.Nc3 e6 5.g3 Be7 6.Bg2 O-O 7.O-O Nbd7 8.Qd3 a6 
9.e4 dxe4 10.Nxe4 Nxe4 11.Qxe4 Nf6 12.Qe2 c5 13.Rd1 cxd4 14.Nxd4 Nd7 15.
Rb1 Qc7 16.Bf4 e5 17.Nf5 Bf6 18.Be3 Nc5 19.Nd6 Rd8 20.Bxc5 Qxc5 21.Ne4 Bf5
22.Nxc5 1-0

[Event "Malmo Open 2023"]
[Site "Malmo SWE"]
[Date "2023.12.15"]
[Round "1.7"]
[White "Schriever-Abeln, Marius"]
[Black "Olsen, Filip Boe"]
[Result "0-1"]
[WhiteElo "1844"]
[BlackElo "2423"]
[ECO "D35"]
[TimeControl "15 minutes + 5 seconds per move from move one (Round 1 - 4) / 90 minutes + 30 seconds per move from move one (Round 5 - 8)"]
[BlackTitle "IM"]
[WhiteFideId "1752650"]
[BlackFideId "1440640"]

1.d4 d5 2.c4 e6 3.Nc3 Nf6 4.cxd5 exd5 5.Bg5 c6 6.e3 Be6 7.Bd3 Nbd7 8.Nge2 
h6 9.Bh4 g5 10.Bg3 Nh5 11.Qc2 Nxg3 12.Nxg3 h5 13.Nf5 Qf6 14.O-O-O O-O-O 
15.Kb1 Kb8 16.f3 Rc8 17.Rhe1 h4 18.g4 hxg3 19.hxg3 c5 20.g4 cxd4 21.exd4 
Bb4 22.Qb3 Bxc3 23.bxc3 Nb6 24.Rh1 Bd7 25.Rde1 Rxh1 26.Rxh1 Na4 27.Rc1 a6 
28.c4 dxc4 29.Rxc4 Rxc4 30.Qxc4 Qb6+ 31.Qb3 Bxf5 32.Bxf5 Qxd4 33.Qc2 Qg1+ 
34.Qc1 Nc3+ 35.Kb2 Qxc1+ 36.Kxc1 Nxa2+ 37.Kb2 Nb4 38.Bh7 Kc7 39.Bg8 f6 40.
Kc3 Nc6 41.Bh7 b5 42.Be4 Kd6 43.Kd3 a5 44.Kc3 a4 0-1

[Event "Malmo Open 2023"]
[Site "Malmo SWE"]
[Date "2023.12.15"]
[Round "1.8"]
[White "Ramsdal, Jens Albert"]
[Black "Olsson, Tomas"]
[Result "1/2-1/2"]
[WhiteElo "2420"]
[BlackElo "1839"]
[ECO "A45"]
[TimeControl "15 minutes + 5 seconds per move from move one (Round 1 - 4) / 90 minutes + 30 seconds per move from move one (Round 5 - 8)"]
[WhiteTitle "FM"]
[WhiteFideId "1429221"]
[BlackFideId "1702696"]

1.d4 Nf6 2.e3 g6 3.Bd3 d6 4.Nf3 Nbd7 5.b3 Bg7 6.Bb2 O-O 7.O-O Re8 8.Nbd2 
c6 9.Qe2 Qc7 10.Rfd1 e5 11.dxe5 dxe5 12.e4 Nh5 13.g3 Nc5 14.Nc4 Bg4 15.Qe3
Nxd3 16.Rxd3 Bxf3 17.Qxf3 Rad8 18.Rad1 Rxd3 19.Qxd3 b5 20.Ne3 h6 21.Qd7 
Qxd7 22.Rxd7 Nf6 23.Rxa7 Nxe4 24.a4 Bf8 25.axb5 cxb5 26.Rb7 b4 27.Kg2 Bc5 
28.Ng4 Re7 29.Rb8+ Kh7 30.f3 Nc3 31.Bc1 f5 32.Nxh6 e4 33.fxe4 fxe4 34.Ng4 
e3 35.Nxe3 Bxe3 36.Bxe3 Rxe3 37.Rb7+ Kh6 38.Rxb4 Re2+ 39.Kh3 Rxc2 40.Rc4 
Rc1 41.b4 Kg5 42.b5 Kf6 43.b6 g5 44.b7 Rb1 45.Rxc3 Rxb7 46.Rc6+ Kf5 47.
Rc5+ Kf6 48.Kg4 Rb4+ 49.Kh3 Kg6 50.Rc3 Kf5 51.g4+ Kf4 52.Ra3 Rc4 53.Rb3 
Rd4 54.Rg3 Rc4 55.Rg2 Rc3+ 56.Rg3 Rc4 57.Ra3 Rb4 58.Rc3 Rd4 1/2-1/2

[Event "Malmo Open 2023"]
[Site "Malmo SWE"]
[Date "2023.12.15"]
[Round "1.9"]
[White "Sjodahl, Sten"]
[Black "Brynell, Stellan"]
[Result "0-1"]
[WhiteElo "1835"]
[BlackElo "2402"]
[ECO "C01"]
[TimeControl "15 minutes + 5 seconds per move from move one (Round 1 - 4) / 90 minutes + 30 seconds per move from move one (Round 5 - 8)"]
[BlackTitle "GM"]
[WhiteFideId "1717103"]
[BlackFideId "1700219"]

1.e4 e6 2.d4 d5 3.exd5 exd5 4.c4 Nf6 5.Nc3 Bd6 6.Nf3 O-O 7.Bd3 dxc4 8.Bxc4
Nc6 9.O-O h6 10.Be3 Bg4 11.h3 Bh5 12.Be2 a6 13.Rc1 Re8 14.a3 Qd7 15.Qd2 
Rad8 16.Rfe1 Ne7 17.Nh2 Bxe2 18.Nxe2 Ned5 19.Nc3 Nxc3 20.Rxc3 Ne4 21.Qc2 
Nxc3 22.bxc3 Bxh2+ 23.Kxh2 Qd6+ 24.Kg1 Qxa3 25.Rb1 b6 26.Rb3 Qa4 27.Qb2 
Qc4 28.Qc2 a5 29.Rb1 Re6 30.Qb3 Rc6 31.Qxc4 Rxc4 32.Rc1 f6 33.Kf1 Kf7 34.
Ke2 Ke6 35.Kd3 Kd5 36.Rb1 Ra4 37.c4+ Rxc4 38.Rb5+ c5 39.Rxb6 cxd4 40.Bd2 
Ra8 41.Rb7 Rc6 42.Rd7+ Rd6 43.Rxg7 a4 44.Bf4 a3 45.Ke4 0-1

[Event "Malmo Open 2023"]
[Site "Malmo SWE"]
[Date "2023.12.15"]
[Round "1.10"]
[White "Vasli, Aref"]
[Black "Magnussen, Pal"]
[Result "1-0"]
[WhiteElo "2402"]
[BlackElo "1827"]
[ECO "C63"]
[TimeControl "15 minutes + 5 seconds per move from move one (Round 1 - 4) / 90 minutes + 30 seconds per move from move one (Round 5 - 8)"]
[WhiteTitle "FM"]
[WhiteFideId "417521"]
[BlackFideId "1711814"]

1.e4 e5 2.Nf3 Nc6 3.Bb5 f5 4.d3 fxe4 5.dxe4 d6 6.Qd3 Nf6 7.O-O Bg4 8.h3 
Bxf3 9.Qxf3 Be7 10.Bc4 Nd4 11.Qd3 Qd7 12.c3 Nc6 13.b4 a6 14.Be3 Nh5 15.Nd2
Nf4 16.Qc2 b5 17.Bb3 Ne6 18.a4 O-O 19.Qa2 Rf6 20.axb5 Nd8 21.bxa6 Kh8 22.
a7 c5 23.Bd5 Nc7 24.Bxa8 Nxa8 25.Qd5 Nb7 26.bxc5 1-0

[Event "Malmo Open 2023"]
[Site "Malmo SWE"]
[Date "2023.12.15"]
[Round "2.1"]
[White "Peng, Li Min"]
[Black "Mashhadi, Peyman"]
[Result "1-0"]
[WhiteElo "2562"]
[BlackElo "2069"]
[ECO "B06"]
[TimeControl "15 minutes + 5 seconds per move from move one (Round 1 - 4) / 90 minutes + 30 seconds per move from move one (Round 5 - 8)"]
[WhiteTitle "GM"]
[WhiteFideId "14112620"]
[BlackFideId "1768581"]

1.d4 g6 2.e4 Bg7 3.Nf3 d6 4.Bc4 Nf6 5.Qe2 O-O 6.e5 dxe5 7.dxe5 Nd5 8.h3 c6
9.O-O Nd7 10.Re1 e6 11.a4 b6 12.a5 b5 13.Bxd5 cxd5 14.Qxb5 Qc7 15.Qe2 Nc5 
16.b4 Ne4 17.c4 Bb7 18.c5 a6 19.Bb2 Bc6 20.Nd4 Bxe5 21.Nxc6 Bxb2 22.Qxb2 
Qxc6 23.f3 Ng3 24.Qe5 Nf5 25.g4 Ne7 26.Nc3 Rab8 27.Rab1 Rb7 28.h4 h6 29.h5
Rfb8 30.Qf4 Kg7 31.hxg6 Nxg6 32.Qd4+ f6 33.Rb2 Rd8 34.Qd1 Nf4 35.Kf2 Rdb8 
36.Na2 e5 37.Kg3 Rg8 38.Nc3 Kf8 39.Rh1 h5 40.Ne2 hxg4 41.fxg4 Rbg7 42.Rh4 
Ng6 43.Rh5 e4 44.Nd4 Qc7+ 45.Kg2 Nf4+ 46.Kf1 Nxh5 47.Ne6+ Ke8 48.Nxc7+ 
Rxc7 49.gxh5 Rg5 50.Rg2 Rf5+ 51.Ke1 Rh7 52.Qa4+ Kf8 53.Rg8+ Ke7 54.Qe8# 
1-0

[Event "Malmo Open 2023"]
[Site "Malmo SWE"]
[Date "2023.12.15"]
[Round "2.2"]
[White "Muntean, Victor"]
[Black "Hillarp Persson, Tiger"]
[Result "0-1"]
[WhiteElo "2067"]
[BlackElo "2493"]
[ECO "C02"]
[TimeControl "15 minutes + 5 seconds per move from move one (Round 1 - 4) / 90 minutes + 30 seconds per move from move one (Round 5 - 8)"]
[BlackTitle "GM"]
[WhiteFideId "1054414"]
[BlackFideId "1700812"]

1.e4 c5 2.c3 e6 3.d4 d5 4.e5 Nc6 5.Nf3 Bd7 6.Bd3 Qb6 7.dxc5 Bxc5 8.O-O a5 
9.Nbd2 f6 10.Qe2 Qc7 11.Nb3 Bb6 12.Re1 fxe5 13.Nxe5 Qxe5 14.Qxe5 Nxe5 15.
Rxe5 Nf6 16.Nd4 O-O 17.Re2 Rae8 18.Bf4 Ng4 19.Bd6 Rxf2 20.Rxf2 Nxf2 21.
Kxf2 e5 22.Bxe5 Rxe5 23.Re1 Rxe1 24.Kxe1 g6 25.Bb5 Bc8 26.Ba4 Kg7 27.Bb3 
Kf6 28.Bxd5 Ke5 29.Bg8 h6 30.Nf3+ Kf4 31.Nd2 Bg1 32.h3 b5 33.a3 Bb7 34.Kf1
Be3 35.Nb3 Kg3 36.Nd4 Bxg2+ 37.Ke2 Bxd4 38.cxd4 Bxh3 39.d5 Kf4 40.Be6 Bf5 
41.b4 axb4 42.axb4 Ke5 43.Bf7 h5 44.Be8 h4 45.Bxb5 Kxd5 46.Kf2 g5 47.Bf1 
g4 48.Ke3 Ke5 49.Bg2 Bd7 50.Bh1 h3 51.Bb7 Be6 52.Bh1 Bd5 0-1

[Event "Malmo Open 2023"]
[Site "Malmo SWE"]
[Date "2023.12.15"]
[Round "2.3"]
[White "Sorensen, Hampus"]
[Black "Joensson, Oscar"]
[Result "1-0"]
[WhiteElo "2474"]
[BlackElo "2057"]
[ECO "D30"]
[TimeControl "15 minutes + 5 seconds per move from move one (Round 1 - 4) / 90 minutes + 30 seconds per move from move one (Round 5 - 8)"]
[WhiteTitle "IM"]
[WhiteFideId "8703884"]
[BlackFideId "1729977"]

1.d4 d5 2.c4 e6 3.Nf3 Nf6 4.Bg5 Be7 5.e3 O-O 6.Qc2 h6 7.Bxf6 Bxf6 8.h4 h5 
9.Nc3 a6 10.Be2 dxc4 11.Ne4 b5 12.Nfg5 g6 13.Bxh5 Nc6 14.a3 Kg7 15.Bf3 Bd7
16.Nxf6 Qxf6 17.Ne4 Qe7 18.O-O-O b4 19.Nc5 c3 20.bxc3 bxa3 21.Nxd7 Qxd7 
22.Qa4 a2 23.Kc2 Ne5 24.Qxd7 Nxd7 25.Bxa8 Rxa8 26.Ra1 1-0

[Event "Malmo Open 2023"]
[Site "Malmo SWE"]
[Date "2023.12.15"]
[Round "2.4"]
[White "Eriksson, Christian Altenburg"]
[Black "Pantzar, Milton"]
[Result "1/2-1/2"]
[WhiteElo "2057"]
[BlackElo "2456"]
[ECO "B12"]
[TimeControl "15 minutes + 5 seconds per move from move one (Round 1 - 4) / 90 minutes + 30 seconds per move from move one (Round 5 - 8)"]
[BlackTitle "IM"]
[WhiteFideId "1412159"]
[BlackFideId "1721003"]

1.e4 c6 2.d4 d5 3.e5 Bf5 4.Nf3 e6 5.Be2 Ne7 6.O-O Ng6 7.Re1 Nd7 8.Nbd2 f6 
9.exf6 Qxf6 10.Nb3 Bd6 11.c4 O-O 12.cxd5 exd5 13.Bg5 Qf7 14.Bd3 Bg4 15.Be2
h6 16.Be3 Nf4 17.Bxf4 Qxf4 18.Nbd2 Rae8 19.h3 Bh5 20.a3 Bb8 21.Nf1 Bxf3 
22.Bxf3 Nf6 23.Qd2 a6 24.Qb4 Qc7 25.Rxe8 Rxe8 26.Re1 Ba7 27.Ng3 Rxe1+ 28.
Qxe1 Bxd4 29.Qe6+ Kf8 30.Nh5 Bxb2 31.Nxf6 gxf6 32.Bh5 Kg7 33.a4 f5 34.Qxf5
Qe7 35.Qg6+ Kf8 36.Qxh6+ Bg7 37.Qf4+ Kg8 38.g3 Bf6 39.Qg4+ Kf8 40.Qc8+ Kg7
41.Qg4+ Kh8 42.Qc8+ Kg7 43.Qg4+ Kf8 44.Qc8+ 1/2-1/2

[Event "Malmo Open 2023"]
[Site "Malmo SWE"]
[Date "2023.12.15"]
[Round "2.5"]
[White "Hector, Jonny"]
[Black "Tornberg, Carlos"]
[Result "1-0"]
[WhiteElo "2444"]
[BlackElo "2055"]
[ECO "C55"]
[TimeControl "15 minutes + 5 seconds per move from move one (Round 1 - 4) / 90 minutes + 30 seconds per move from move one (Round 5 - 8)"]
[WhiteTitle "GM"]
[WhiteFideId "1700090"]
[BlackFideId "1733478"]

1.e4 e5 2.Nf3 Nc6 3.Bc4 Nf6 4.d3 Be7 5.O-O O-O 6.Nc3 d6 7.h3 Kh8 8.a4 Ng8 
9.Nd5 f5 10.Nxe7 Qxe7 11.Re1 fxe4 12.dxe4 Nf6 13.Ra3 Nh5 14.Ng5 Nf4 15.
Nxh7 Kxh7 16.Bxf4 Be6 17.Qh5+ Kg8 18.Bg5 Qf7 19.Qxf7+ Bxf7 20.Bf1 Nd4 21.
Bd3 Ne6 22.Bd2 Nc5 23.Bf1 Be8 24.a5 Bc6 25.f3 Kh7 26.b4 Ne6 27.b5 Bd7 28.
Be3 Kg6 29.Rc3 Kf7 30.Bc4 Rfc8 31.Rd1 Ke7 32.Bf2 c6 33.b6 axb6 34.axb6 g5 
35.Rcd3 Nf4 36.Rxd6 Rd8 37.Bc5 Ke8 38.Rf6 Ne6 39.Bxe6 1-0

[Event "Malmo Open 2023"]
[Site "Malmo SWE"]
[Date "2023.12.15"]
[Round "2.6"]
[White "Grau, Peter"]
[Black "Storme, Isak"]
[Result "0-1"]
[WhiteElo "2050"]
[BlackElo "2439"]
[ECO "B30"]
[TimeControl "15 minutes + 5 seconds per move from move one (Round 1 - 4) / 90 minutes + 30 seconds per move from move one (Round 5 - 8)"]
[BlackTitle "IM"]
[WhiteFideId "1406043"]
[BlackFideId "1728113"]

1.e4 c5 2.Nf3 Nc6 3.Nc3 e5 4.g3 g6 5.Bg2 Bg7 6.O-O Nge7 7.Ne1 h5 8.h3 d6 
9.d3 h4 10.g4 f5 11.exf5 gxf5 12.gxf5 Bxf5 13.Ne4 Qd7 14.Ng5 Ng6 15.f4 
exf4 16.Qe2+ Be5 17.c3 O-O-O 18.Bxc6 Qxc6 19.Nef3 Rhg8 20.d4 Bf6 21.Rd1 
Bxg5 22.d5 Qe8 23.Qxe8 Rdxe8 24.Nxg5 Ne5 0-1

[Event "Malmo Open 2023"]
[Site "Malmo SWE"]
[Date "2023.12.15"]
[Round "2.7"]
[White "Olsen, Filip Boe"]
[Black "Kring, Stephan"]
[Result "1-0"]
[WhiteElo "2423"]
[BlackElo "2046"]
[ECO "E60"]
[TimeControl "15 minutes + 5 seconds per move from move one (Round 1 - 4) / 90 minutes + 30 seconds per move from move one (Round 5 - 8)"]
[WhiteTitle "IM"]
[WhiteFideId "1440640"]
[BlackFideId "1711687"]

1.Nf3 Nf6 2.d4 g6 3.c4 Bg7 4.g3 O-O 5.Bg2 c6 6.Nc3 d5 7.Qb3 dxc4 8.Qxc4 
Nbd7 9.O-O Nb6 10.Qd3 Be6 11.b3 Nbd5 12.Na4 Bf5 13.Qd1 b5 14.Nc5 Nc3 15.
Qe1 Nfe4 16.Bb2 Nxe2+ 17.Qxe2 Nxc5 18.dxc5 Bd3 19.Qe3 Bxf1 20.Bxg7 Bxg2 
21.Bxf8 Bxf3 22.Qxf3 Kxf8 23.Qxc6 Rb8 24.Qe4 Qc7 25.Qd4 e5 26.Qe3 Rd8 27.
b4 f6 28.a3 Kg7 29.Qe2 Qc6 30.Rd1 Rd7 31.Qc2 Kf7 32.Rxd7+ Qxd7 33.c6 Qc7 
34.Qc5 a6 35.Qd5+ Ke7 36.h4 Qd6 37.Qg8 Qxc6 38.Qxh7+ Ke6 39.Qxg6 Qc1+ 40.
Kg2 Qxa3 41.h5 Qb3 42.Qg8+ 1-0

[Event "Malmo Open 2023"]
[Site "Malmo SWE"]
[Date "2023.12.15"]
[Round "2.8"]
[White "Brynell, Stellan"]
[Black "Guindy, Esmat Susanne"]
[Result "1-0"]
[WhiteElo "2402"]
[BlackElo "2028"]
[ECO "D55"]
[TimeControl "15 minutes + 5 seconds per move from move one (Round 1 - 4) / 90 minutes + 30 seconds per move from move one (Round 5 - 8)"]
[WhiteTitle "GM"]
[BlackTitle "WFM"]
[WhiteFideId "1700219"]
[BlackFideId "1401637"]

1.d4 d5 2.Nf3 e6 3.c4 Nf6 4.Nc3 Be7 5.Bg5 h6 6.Bxf6 Bxf6 7.e3 O-O 8.Rc1 b6
9.Bd3 c5 10.cxd5 cxd4 11.Nxd4 exd5 12.O-O Bxd4 13.exd4 Bb7 14.Be2 Nd7 15.
Bf3 Nf6 16.Re1 Qd6 17.Re5 Rfd8 18.Qb3 Rac8 19.Rce1 Rd7 20.h3 Rc4 21.Qd1 
Qb4 22.Qc2 g6 23.a3 Qd6 24.Qd2 Kg7 25.Be2 Rc8 26.Qe3 Ne4 27.Bg4 f5 28.Bf3 
Qf6 29.Be2 a6 30.f3 Nxc3 31.bxc3 Rdc7 32.Bd3 Rf8 33.Re6 Qd8 34.Qe5+ Kh7 
35.Re7+ Rf7 36.Re8 Qf6 37.Qf4 Rxc3 38.R1e6 Qg5 39.Qe5 Rg7 40.R8e7 1-0

[Event "Malmo Open 2023"]
[Site "Malmo SWE"]
[Date "2023.12.15"]
[Round "2.9"]
[White "Eriksson, Kristian"]
[Black "Vasli, Aref"]
[Result "1-0"]
[WhiteElo "2045"]
[BlackElo "2402"]
[ECO "C84"]
[TimeControl "15 minutes + 5 seconds per move from move one (Round 1 - 4) / 90 minutes + 30 seconds per move from move one (Round 5 - 8)"]
[BlackTitle "FM"]
[WhiteFideId "1705172"]
[BlackFideId "417521"]

1.e4 e5 2.Nf3 Nc6 3.Bb5 a6 4.Ba4 Nf6 5.d4 exd4 6.O-O Be7 7.Re1 b5 8.Bb3 d6
9.Bd5 Bb7 10.Nxd4 Qd7 11.Bxc6 Bxc6 12.Nxc6 Qxc6 13.Nc3 O-O 14.Bg5 Rfe8 15.
a4 h6 16.axb5 axb5 17.Rxa8 Rxa8 18.Nd5 Kf8 19.Bxf6 Bxf6 20.Nxf6 gxf6 21.
Qd2 Ke7 22.c3 Ra2 23.h3 h5 24.f4 Qc5+ 25.Kh1 Kd7 26.e5 fxe5 27.fxe5 Ra4 
28.exd6 cxd6 29.Qe2 Kc7 30.Qe7+ Kb6 31.Rd1 d5 32.Qxf7 Ra2 33.Rxd5 Ra1+ 34.
Kh2 Qg1+ 35.Kg3 Qe1+ 36.Qf2+ Qxf2+ 37.Kxf2 Ra2 38.Rd2 h4 39.Kf3 Kc5 40.Kg4
Ra4+ 41.Rd4 Ra2 42.Rb4 Ra1 43.Kxh4 Rg1 44.g4 Rg2 45.g5 Kc6 46.Rg4 1-0

[Event "Malmo Open 2023"]
[Site "Malmo SWE"]
[Date "2023.12.15"]
[Round "2.10"]
[White "Akesson, Ralf"]
[Black "Tabaa, Ghayth"]
[Result "1-0"]
[WhiteElo "2387"]
[BlackElo "2026"]
[ECO "D35"]
[TimeControl "15 minutes + 5 seconds per move from move one (Round 1 - 4) / 90 minutes + 30 seconds per move from move one (Round 5 - 8)"]
[WhiteTitle "GM"]
[WhiteFideId "1700120"]
[BlackFideId "7603819"]

1.d4 d5 2.c4 e6 3.Nc3 Nf6 4.cxd5 exd5 5.Bg5 c6 6.e3 Bf5 7.Qf3 Bg6 8.Bxf6 
Qxf6 9.Qxf6 gxf6 10.h4 h5 11.Nh3 a5 12.Kd2 a4 13.a3 Nd7 14.g3 b5 15.Nf4 
Nb6 16.Bd3 Bd6 17.Nxg6 fxg6 18.Bxg6+ Kd7 19.Kc2 Ke6 20.Bd3 f5 21.Ne2 Rhc8 
22.Rac1 b4 23.axb4 a3 24.Ra1 axb2 25.Kxb2 Bxb4 26.Nf4+ Kd6 27.Nxh5 Rcb8 
28.Rxa8 Rxa8 29.Nf4 Ba3+ 30.Kc2 c5 31.Rb1 Na4 32.dxc5+ Bxc5 33.Bxf5 Nb6 
34.Bd3 Ra2+ 35.Rb2 Ra1 36.Kd2 Na4 37.Rc2 Bb4+ 38.Ke2 Nc5 39.Rb2 Re1+ 40.
Kf3 Ba5 41.Rb8 Bc7 42.Rg8 Kc6 43.Bf5 Rf1 44.Rg6+ Kb5 45.Nxd5 Ba5 46.Kg2 
Rd1 47.Nf4 Be1 48.h5 Rd2 49.Nh3 Nb3 50.h6 Rd5 51.Be6 Rd3 52.Bxb3 Rxb3 53.
h7 Bc3 54.Rg8 1-0

[Event "Malmo Open 2023"]
[Site "Malmo SWE"]
[Date "2023.12.15"]
[Round "3.1"]
[White "Johnson, Daniel"]
[Black "Peng, Li Min"]
[Result "1/2-1/2"]
[WhiteElo "2165"]
[BlackElo "2562"]
[ECO "E32"]
[TimeControl "15 minutes + 5 seconds per move from move one (Round 1 - 4) / 90 minutes + 30 seconds per move from move one (Round 5 - 8)"]
[BlackTitle "GM"]
[WhiteFideId "1721283"]
[BlackFideId "14112620"]

1.d4 Nf6 2.c4 e6 3.Nc3 Bb4 4.Qc2 b6 5.e4 c5 6.d5 Qe7 7.Ne2 exd5 8.exd5 d6 
9.Bd2 O-O 10.f3 Nh5 11.O-O-O f5 12.Ng3 Nxg3 13.hxg3 Nd7 14.Re1 Qd8 15.Bf4 
Nf6 16.Bd3 g6 17.g4 Ne8 18.Bh6 Rf7 19.gxf5 Bxf5 20.Bxf5 Rxf5 21.Re6 Nc7 
22.Re3 Bxc3 23.Qxc3 Rf7 24.f4 Qd7 25.Rhe1 b5 26.b3 bxc4 27.bxc4 Rb8 28.a3 
Qf5 29.Qc2 Qf6 30.Qc3 Qxc3+ 31.Rxc3 Rd7 32.Kc2 Kf7 33.Rce3 Re8 34.Bg5 Rxe3
35.Rxe3 h5 36.Rb3 Ne8 37.Rb8 Ng7 38.a4 Nf5 1/2-1/2

[Event "Malmo Open 2023"]
[Site "Malmo SWE"]
[Date "2023.12.15"]
[Round "3.2"]
[White "Hillarp Persson, Tiger"]
[Black "Solberg, Joachim"]
[Result "1/2-1/2"]
[WhiteElo "2493"]
[BlackElo "2162"]
[ECO "A05"]
[TimeControl "15 minutes + 5 seconds per move from move one (Round 1 - 4) / 90 minutes + 30 seconds per move from move one (Round 5 - 8)"]
[WhiteTitle "GM"]
[BlackTitle "FM"]
[WhiteFideId "1700812"]
[BlackFideId "1502930"]

1.Nf3 Nf6 2.g3 g6 3.Bg2 Bg7 4.O-O O-O 5.c4 c6 6.b3 d5 7.Bb2 b6 8.d3 Bb7 9.
Nbd2 Nbd7 10.Rc1 Rc8 11.b4 c5 12.cxd5 Nxd5 13.Bxg7 Kxg7 14.bxc5 Nxc5 15.
Qc2 Kg8 16.d4 Ne6 17.Qb2 Nf6 18.e3 Rxc1 19.Rxc1 Qa8 20.Ne1 Rc8 21.Bxb7 
Qxb7 22.Nd3 Ng5 23.Rxc8+ Qxc8 24.h4 Nge4 25.Ne5 Nxd2 26.Qxd2 Nd7 27.Nd3 
Qc4 28.Nf4 Nf6 29.Kg2 a5 30.Qb2 b5 31.Qa3 Qc7 32.Qc5 Qb7+ 33.f3 Kf8 34.e4 
Nd7 35.Qa3 a4 36.Qb4 Nf6 37.d5 Qd7 38.Qc5 h6 39.e5 Ne8 40.e6 Qc7 41.Qxb5 
Qc2+ 42.Qe2 Qxe2+ 43.Nxe2 fxe6 44.dxe6 Nc7 45.Nc3 a3 46.f4 Na6 47.Nb5 Nb4 
48.Nxa3 Nxa2 49.Kf3 Kg7 50.Nb5 Kf6 51.Nd4 h5 52.f5 gxf5 53.Kf4 Nc3 54.Nxf5
Nd5+ 55.Ke4 Nc3+ 56.Kf4 Nd5+ 57.Ke4 Nc3+ 58.Ke5 Kxe5 1/2-1/2

[Event "Malmo Open 2023"]
[Site "Malmo SWE"]
[Date "2023.12.15"]
[Round "3.3"]
[White "Holmsgaard, Henrik"]
[Black "Sorensen, Hampus"]
[Result "0-1"]
[WhiteElo "2162"]
[BlackElo "2474"]
[ECO "B23"]
[TimeControl "15 minutes + 5 seconds per move from move one (Round 1 - 4) / 90 minutes + 30 seconds per move from move one (Round 5 - 8)"]
[BlackTitle "IM"]
[WhiteFideId "1400452"]
[BlackFideId "8703884"]

1.e4 c5 2.Nc3 Nc6 3.Bb5 Nd4 4.Nf3 a6 5.Bd3 g6 6.O-O Bg7 7.Re1 e5 8.Nd5 Ne7
9.Bc4 O-O 10.c3 Ndc6 11.a4 d6 12.d3 Nxd5 13.Bxd5 Be6 14.Bxe6 fxe6 15.Be3 
Kh8 16.d4 exd4 17.cxd4 Qe7 18.Rc1 b6 19.e5 dxe5 20.dxc5 b5 21.Qd6 Rac8 22.
axb5 axb5 23.Ng5 Rfe8 24.Red1 Nd4 25.Qxe7 Rxe7 26.f4 Ne2+ 27.Kf2 Nxc1 28.
Rxc1 exf4 29.Bxf4 Bxb2 30.Rc2 Bd4+ 31.Be3 e5 32.Ke2 b4 33.Bxd4 exd4+ 34.
Kd3 b3 35.Rb2 Rxc5 36.Rxb3 Rxg5 0-1